 Dungeon Crawl Stone Soup version 0.19-a0-503-g45a6586 (webtiles) character file.

5973 shklvsk the Spear-Bearer (level 10, -1/74 HPs)
             Began as a Merfolk Skald on June 5, 2016.
             Was an Elder of Okawaru.
             Slain by a minotaur (8 damage)
             ... in a labyrinth.
             The game lasted 00:39:20 (14206 turns).

shklvsk the Spear-Bearer (Merfolk Skald)           Turns: 14206, Time: 00:39:20

Health: -1/74      AC: 19    Str: 14    XL:     10   Next: 84%
Magic:  14/25      EV: 14    Int: 12    God:    Okawaru [****..]
Gold:   389        SH:  0    Dex: 15    Spells: 3 memorised, 11 levels left

rFire  . . .     SeeInvis .     a - +2 halberd
rCold  . . .     Gourm    .     y - +7 ring mail of the Game of Kings {rN+}
rNeg   + . .     Faith    .     (shield currently unavailable)
rPois  .         Spirit   .     h - +2 helmet
rElec  .         Dismiss  .     H - +1 cloak
rCorr  .         Reflect  .     r - +0 pair of gloves
SustAt .         Harm     .     (no boots)
MR     .....                    (no amulet)
Stlth  +++.......               (no ring)
                                q - ring of magical power {MP+9}

@: very slightly contaminated, not resistant to hostile enchantments, fairly
stealthy
A: change form in water, swift swim
a: Heroism, Renounce Religion


You were in a labyrinth.
You worshipped Okawaru.
Okawaru was greatly pleased with you.
You were near starving.

You visited 2 branches of the dungeon, and saw 12 of its levels.
You also visited: Labyrinth.

You collected 653 gold pieces.
You spent 264 gold pieces at shops.

Inventory:

Hand Weapons
 a - a +2 halberd (weapon)
   (You took it off a wight on level 7 of the Dungeon)
 s - a +1 glaive
   (You found it on level 6 of the Dungeon)
 B - the +4 great sword "Kaomiv" {freeze, rPois MR+, unknown}
   (You bought it in a shop on level 6 of the Dungeon)

   It has been specially enchanted to freeze those struck by it, causing extra
   injury to most foes and up to half again as much damage against particularly
   susceptible opponents.
   It can also slow down cold-blooded creatures.
   It protects you from poison.
   It affects your resistance to hostile enchantments.
 I - a +0 trident
   (You found it on level 8 of the Dungeon)
Missiles
 b - 3 tomahawks
 e - 172 stones (quivered)
 A - a throwing net {=f, !d}
Armour
 h - a +2 helmet (worn)
   (You found it on level 2 of the Dungeon)
 o - a +0 ring mail of fire resistance
   (You found it on level 3 of the Dungeon)
 r - a +0 pair of gloves (worn)
   (You found it on level 5 of the Dungeon)
 y - the +7 ring mail of the Game of Kings (worn) {rN+}
   (You found it on level 6 of the Dungeon)

   It protects you from negative energy.
 H - a +1 cloak (worn)
   (You found it on level 8 of the Dungeon)
Magical Staves
 Q - an uncursed staff of cold {unknown}
   (You found it on level 10 of the Dungeon)
Rods
 D - a +0 iron rod (14/14)
   (You found it on level 7 of the Dungeon)
Jewellery
 k - an uncursed ring of fire {rF+, rC-}
   (You found it on level 3 of the Dungeon)
 q - a ring of magical power (left hand) {MP+9}
   (You found it on level 7 of the Dungeon)
 G - an uncursed ring of ice {rC+, rF-}
   (You took it off an orc on level 7 of the Dungeon)
Wands
 m - a wand of flame (18/48)
   (You took it off a goblin on level 5 of the Dungeon)
 x - a wand of heal wounds (6/9)
   (You found it on level 6 of the Dungeon)
 z - a wand of lightning (5/15)
   (You found it on level 6 of the Dungeon)
 J - a wand of disintegration (17/24)
   (You found it on level 8 of the Dungeon)
 M - a wand of disintegration (5/24)
   (You found it on level 8 of the Dungeon)
 O - a wand of flame (6/48)
   (You found it on level 10 of the Dungeon)
 P - a wand of confusion (19/48)
   (You found it on level 10 of the Dungeon)
Scrolls
 l - 8 scrolls of remove curse
 t - 3 scrolls of teleportation
 u - a scroll of recharging
 w - 2 scrolls of enchant armour
 C - a scroll of blinking {!r}
Potions
 f - 4 potions of curing
 i - 2 potions of flight
 n - 2 potions of resistance
 p - a potion of cancellation {unknown}
 F - a potion of haste {unknown}
 K - a potion of mutation {unknown}
Books
 c - a book of Battle
Miscellaneous
 E - a plain deck of destruction
   (You found it on level 8 of the Dungeon)
 L - a disc of storms
   (You found it on level 9 of the Dungeon)
Comestibles
 d - 3 bread rations {@e1}
 g - 4 meat rations {@e2}
 j - 8 fruits
 v - 3 slices of pizza


   Skills:
 + Level 5.5 Fighting
 * Level 10.4 Polearms
 + Level 0.8 Throwing
 + Level 3.0 Armour
 + Level 6.3 Dodging
 * Level 7.0 Stealth
 - Level 4.0 Spellcasting
 - Level 4.2 Hexes
 + Level 6.2 Charms
 - Level 3.5 Translocations
 - Level 2.0 Invocations
 * Level 4.5 Evocations


You had 11 spell levels left.
You knew the following spells:

 Your Spells              Type           Power        Failure   Level  Hunger
a - Infusion              Chrm           ###.         3%          1    #......
s - Shroud of Golubria    Chrm/Tloc      ##........   12%         2    ##.....
z - Spectral Weapon       Hex/Chrm       ##......     17%         3    ###....


Dungeon Overview and Level Annotations

Branches:
Dungeon (11/15)            Temple (1/1) D:4            Lair (0/8) D:10
    Orc (0/2) D:9

Altars:
Ashenzari
Cheibriados
Dithmenos
Elyvilon
Fedhas
Gozag
Hepliaklqana
Kikubaaqudgha
Makhleb
Nemelex Xobeh
Okawaru
Pakellas
Qazlal
Ru
Sif Muna
Trog
Vehumet
Xom
Yredelemnul
Zin
The Shining One

Shops:
D:6 (

Annotations:
D:4 Sigmund
D:8 Xiguana's ghost, novice HOFi
D:10 3 exclusions


Message History

You take 12 damage, and have 22/74 hp.
An orc comes into view. It is wielding a trident.
An orc comes into view. It is wielding a dagger.
The gargoyle hurls a stone arrow at you.
The stone arrow misses you.
There is a labyrinth entrance here.
Beware, the minotaur awaits!
The world spins around you as you enter the gateway.
As you enter the labyrinth, previously moving walls settle noisily into place.
You hear the metallic echo of a distant snort before it fades into the rock.
You start resting.
Eating one of 4 chunks of flesh {@w0}.
You continue eating. x2
You feel a sudden draft!
You regained 16 hp, and now have 40/74 hp.
MP restored: 25 You start resting.
All of the chunks of flesh in your inventory have rotted away.
Your iron rod has recharged.
You regained 4 hp, and now have 44/74 hp.
You start resting.
Health restored: 74 No exploration algorithm can help you here.
You are feeling hungry.
The floor suddenly vibrates beneath you!
You are feeling very hungry.
You feel a sudden draft!
A minotaur comes into view.
The minotaur bellows!
The minotaur picks up a scroll of teleportation.
Found a flail.
Found an escape hatch in the ceiling.
You fail to use your ability.
You fail to use your ability.
The minotaur hits you!! The minotaur misses you.
You take 24 damage, and have 50/74 hp.
MASSIVE DAMAGE!!
You miscast Spectral Weapon.
You are very lightly contaminated with residual magic.
You hear an indistinct dissonance whispering inside your mind.
The minotaur hits you! The minotaur gores you!
You take 22 damage, and have 28/74 hp.
MASSIVE DAMAGE!!
You now have 22/25 mp.
Really read
C - 2 scrolls of blinking {!r}?
Blink to where?
As you read the scroll of blinking {!r}, it crumbles to dust.
You can now deal lightning-fast blows.
You can no longer speed up your combat.
You now have 17/25 mp.
You don't know that spell.
You draw out your weapon's spirit!
Something barely misses your spectral weapon.
Something gores your spectral weapon!
Your spectral weapon shares its damage with you!
You take 5 damage, and have 25/74 hp.
You now have 16/25 mp.
Something hits your spectral weapon!!
Your spectral weapon shares its damage with you!
Your spectral weapon fades away.
You take 1 damage, and have 24/74 hp.
You draw out your weapon's spirit!
You are near starving!
The minotaur hits you!
* * * LOW HITPOINT WARNING * * *
The minotaur gores you.
* * * LOW HITPOINT WARNING * * *
You take 17 damage, and have 7/74 hp.
MASSIVE DAMAGE!!
You now have 13/25 mp.
You feel better.
The minotaur hits you but does no damage.
The minotaur gores you but does no damage.
You regained 11 hp, and now have 18/74 hp.
You hit the minotaur.
Your spectral weapon hits the minotaur.
You hit the minotaur.
Your spectral weapon barely misses the minotaur.
The minotaur furiously retaliates!
The minotaur headbutts your spectral weapon.
Your spectral weapon shares its damage with you!
* * * LOW HITPOINT WARNING * * *
You take 1 damage, and have 17/74 hp.
You hit the minotaur.
Your spectral weapon hits the minotaur!
The minotaur hits you but does no damage.
The minotaur completely misses you.
You hit the minotaur.
Your spectral weapon hits the minotaur!
You barely miss the minotaur.
Your spectral weapon hits the minotaur.
The minotaur hits your spectral weapon!
Your spectral weapon shares its damage with you!
Your spectral weapon fades away.
* * * LOW HITPOINT WARNING * * *
The minotaur bellows!
You take 6 damage, and have 12/74 hp.
You feel better.
The minotaur hits you but does no damage.
The minotaur closely misses you.
You regained 9 hp, and now have 21/74 hp.
You hit the minotaur but do no damage. You hit the minotaur but do no damage.
Your hands slow down.
The minotaur hits you!
* * * LOW HITPOINT WARNING * * *
The minotaur gores you!
You die...

# #. # # . .# . #
### ## #.# . . .
# ###.### # ## #
#.. #.@.#. #.
#.#.###H## # # #.
H .# # . .# ####
.## .#.# # . #.
.....#.#...# .
#.###.###.#.#####
# ..... < #. .# #
.. #######.
###.#. ##.# ...
..... .# #


You could see a minotaur.

Vanquished Creatures
  A manticore (D:11)
  Prince Ribbit (D:9)
  A two-headed ogre (D:11)
  A hill giant zombie (D:9)
  2 hungry ghosts (D:9)
  3 ice beasts
  An orc warrior (D:10)
  2 sky beasts (D:7)
  2 necrophages
  2 black bears
  5 ogres
  5 phantoms
  8 centaurs
  2 big kobolds
  4 giant frogs
  A gnoll sergeant (D:8)
  A wyvern zombie (D:5)
  2 troll zombies (D:9)
  A killer bee (D:11)
  3 wights (D:7)
  A howler monkey (D:6)
  2 giant frog zombies
  5 crimson imps
  2 quasits
  3 orc priests
  A centaur zombie (D:6)
  5 hounds
  2 centaur skeletons (D:5)
  A giant frog skeleton (D:5)
  5 iguanas
  Natasha (thrice) (D:4)
  6 worker ants
  A hell rat (D:7)
  3 orc wizards
  3 ogre zombies (D:9)
  A hound zombie (D:6)
  A howler monkey zombie (D:5)
  A worker ant zombie (D:10)
  9 gnolls
  16 adders
  4 river rats (D:7)
  A shadow imp (D:5)
  2 adder skeletons
  3 worms
  A dart slug (D:3)
  2 giant geckos
  16 orcs
  5 giant cockroaches
  8 goblins
  10 hobgoblins
  19 jackals
  19 kobolds
  5 quokkas
  A ball python (D:2)
  10 bats
  A giant cockroach zombie (D:5)
  A giant gecko skeleton (D:6)
  5 giant newts
  A goblin zombie (D:9)
  A hobgoblin skeleton (D:9)
  3 hobgoblin zombies (D:9)
  An orc skeleton (D:9)
  12 orc zombies (D:9)
  31 rats
281 creatures vanquished.

Vanquished Creatures (others)
  2 spectral weapons (Lab)
2 creatures vanquished.

Grand Total: 283 creatures vanquished

Notes
Turn   | Place    | Note
--------------------------------------------------------------
     0 | D:1      | shklvsk the Merfolk Skald began the quest for the Orb.
     0 | D:1      | Reached XP level 1. HP: 16/16 MP: 3/3
   137 | D:1      | Reached XP level 2. HP: 22/22 MP: 0/5
   161 | D:1      | Reached skill level 4 in Polearms
   318 | D:1      | Reached skill level 1 in Stealth
   337 | D:1      | Learned a level 2 spell: Shroud of Golubria
   479 | D:1      | Reached XP level 3. HP: 22/27 MP: 0/6
   837 | D:1      | Reached skill level 5 in Polearms
  1019 | D:1      | Learned a level 3 spell: Spectral Weapon
  1378 | D:2      | Reached XP level 4. HP: 28/33 MP: 0/7
  1620 | D:2      | Reached skill level 1 in Hexes
  1727 | D:2      | Reached skill level 1 in Translocations
  1811 | D:2      | Found a faded altar of an unknown god.
  1840 | D:2      | Became a worshipper of Warmaster Okawaru
  1840 | D:2      | Reached * piety under Okawaru
  1930 | D:2      | Found a sacrificial altar of Ru.
  1954 | D:2      | Reached skill level 2 in Stealth
  2459 | D:3      | Reached XP level 5. HP: 37/38 MP: 0/8
  2672 | D:3      | Reached skill level 2 in Hexes
  3509 | D:3      | Found a shimmering altar of Xom.
  3637 | D:4      | Reached XP level 6. HP: 44/44 MP: 9/9
  3719 | D:4      | Reached skill level 6 in Polearms
  3974 | D:4      | Noticed Natasha
  3985 | D:4      | Killed Natasha
  4244 | D:4      | Noticed Sigmund
  4353 | D:4      | Found an oddly glowing altar of Pakellas.
  4365 | D:4      | Noticed Natasha
  4383 | D:4      | Killed Natasha
  4383 | D:4      | Reached skill level 3 in Hexes
  4533 | D:4      | Noticed Natasha
  4539 | D:4      | Killed Natasha
  4539 | D:4      | Reached skill level 2 in Dodging
  5045 | D:4      | Reached skill level 1 in Armour
  5173 | D:4      | Noticed a phantom
  5200 | D:4      | Killed a phantom
  5200 | D:4      | Reached XP level 7. HP: 36/51 MP: 4/10
  5555 | D:4      | Found a staircase to the Ecumenical Temple.
  5561 | Temple   | Entered the Ecumenical Temple
  5664 | D:5      | Entered Level 5 of the Dungeon
  5854 | D:5      | HP: 12/51 [wyvern zombie (9)]
  5855 | D:5      | HP: 2/51 [wyvern zombie (11)]
  6293 | D:5      | Reached skill level 3 in Stealth
  6535 | D:5      | Found a radiant altar of Vehumet.
  6650 | D:5      | Reached skill level 7 in Polearms
  6650 | D:5      | Reached skill level 2 in Translocations
  6723 | D:5      | Reached ** piety under Okawaru
  6751 | D:5      | Found a shadowy altar of Dithmenos.
  6811 | D:5      | Reached skill level 4 in Charms
  6907 | D:5      | Reached skill level 3 in Dodging
  7240 | D:5      | Found a deep blue altar of Sif Muna.
  7240 | D:5      | Found a hazy altar of Hepliaklqana.
  7241 | D:5      | Found a burning altar of Makhleb.
  7366 | D:5      | Reached skill level 3 in Fighting
  7366 | D:5      | Reached XP level 8. HP: 41/58 MP: 1/11
  7974 | D:6      | Reached skill level 8 in Polearms
  7974 | D:6      | Reached skill level 1 in Invocations
  8363 | D:6      | Got a spiked ring mail
  8521 | D:6      | Reached skill level 4 in Hexes
  8527 | D:6      | Reached skill level 4 in Dodging
  8527 | D:6      | Reached skill level 4 in Stealth
  8685 | D:6      | Found a sparkling altar of Nemelex Xobeh.
  8699 | D:6      | Reached *** piety under Okawaru
  8699 | D:6      | Reached skill level 5 in Charms
  8848 | D:6      | Reached XP level 9. HP: 64/64 MP: 13/13
  8865 | D:6      | Found Piul's Antique Weapon Emporium.
  8873 | D:6      | Bought an ancient great sword for 264 gold pieces
  8928 | D:6      | Reached skill level 2 in Armour
  9205 | D:7      | Reached skill level 3 in Spellcasting
  9205 | D:7      | Reached skill level 2 in Invocations
  9307 | D:7      | Identified a +0 iron rod (14/14) (You found it on level 7 of the Dungeon)
  9318 | D:8      | Found a sparkling altar of Nemelex Xobeh.
  9501 | D:8      | Found a white marble altar of Elyvilon.
  9588 | D:8      | Reached skill level 4 in Fighting
  9602 | D:8      | Reached skill level 1 in Evocations
  9691 | D:8      | Noticed Xiguana's ghost (novice HOFi)
  9705 | D:7      | Reached skill level 9 in Polearms
  9985 | D:7      | Reached skill level 5 in Stealth
 10471 | D:7      | Reached **** piety under Okawaru
 10540 | D:7      | Reached skill level 3 in Translocations
 10548 | D:7      | Found a stormy altar of Qazlal.
 10577 | D:7      | Found a snail-covered altar of Cheibriados.
 10584 | D:7      | Found an iron altar of Okawaru.
 10800 | D:8      | Reached skill level 2 in Evocations
 10814 | D:8      | Reached skill level 5 in Dodging
 11550 | D:9      | Reached XP level 10. HP: 60/73 MP: 15/15
 11861 | D:8      | Identified the +7 ring mail of the Game of Kings {rN+} (You found it on level 6 of the Dungeon)
 11950 | D:8      | Found an opulent altar of Gozag.
 12009 | D:9      | Noticed Prince Ribbit
 12026 | D:9      | Killed Prince Ribbit
 12026 | D:9      | Reached skill level 6 in Stealth
 12026 | D:9      | Reached skill level 3 in Evocations
 12365 | D:9      | Found a staircase to the Orcish Mines.
 12568 | D:9      | Reached skill level 4 in Spellcasting
 12797 | D:10     | Entered Level 10 of the Dungeon
 12866 | D:10     | Reached skill level 5 in Fighting
 12906 | D:10     | Found a staircase to the Lair.
 12930 | D:10     | Reached skill level 6 in Charms
 13000 | D:10     | Reached skill level 10 in Polearms
 13220 | D:10     | Reached skill level 6 in Dodging
 13296 | D:10     | Reached ***** piety under Okawaru
 13398 | D:11     | Noticed a manticore
 13408 | D:11     | Killed a manticore
 13408 | D:11     | Reached skill level 4 in Evocations
 13513 | D:11     | Noticed a gargoyle
 13545 | D:11     | Reached skill level 3 in Armour
 13545 | D:11     | Reached skill level 7 in Stealth
 13567 | D:11     | Found a labyrinth entrance.
 13567 | D:11     | Noticed a brown ugly thing
 13580 | Lab      | Entered a labyrinth
 14179 | Lab      | Noticed a minotaur
 14197 | Lab      | HP: 12/74 [minotaur (12)]
 14203 | Lab      | HP: 12/74 [minotaur (6)]
 14206 | Lab      | Slain by a minotaur

Vault maps used:
D:1:      dpeg_arrival_rooms_with_view
D:2:      ecumenical_altar_2, kennysheep_big_empty_room, nicolae_ru_awakened_eye
D:3:      xom_butterflies, kennysheep_boxes
D:4:      kennysheep_little_box, lemuel_coloured_pillars_altar,
          minmay_temple_entry_fiery, uniq_natasha, uniq_sigmund
D:5:      kennysheep_six_static_rooms, overflow_temple_1_default,
          vehumet_altar_wand_db, gammafunk_temple_overflow_claw, first_bread
D:6:      basic_altar, serial_shops, shop
D:7:      lemuel_ratsnest, overflow_temple_1_default, grunt_qazlal_clouds,
          kennysheep_mini
D:8:      nemelex_deck, nicolae_overflow_hidden_temple, elyvilon_altar_1
D:9:      zombieorc1_lemuel, uniq_prince_ribbit1
D:10:     dpeg_oklobed_lair
D:11:     lab_entry_generic, hangedman_little_slice_of_home, lightli_minifort
Temple:   temple_eino_lava_8
Lab:      labyrinth_skeletal_remains

Skill      XL: |  1  2  3  4  5  6  7  8  9 10 |
---------------+-------------------------------+-----
Polearms       | 4 5 6 7 8 9 10 | 10.4
Stealth        | 1 2 3 4 5 7 |  7.0
Hexes          | 1 2 3 4 |  4.2
Translocations | 1 2 3 |  3.5
Dodging        | 2 3 4 5 6 |  6.3
Armour         | 1 2 3 |  3.0
Charms         | 4 5 6 |  6.2
Fighting       | 3 4 5 |  5.5
Invocations    | 1 2 |  2.0
Spellcasting   | 3 4 |  4.0
Evocations     | 2 4 |  4.5
Throwing       | |  0.8

Action                   |  1- 3 |  4- 6 |  7- 9 | 10-12 || total
-------------------------+-------+-------+-------+-------++-------
Melee: Spear             |   154 |   346 |   329 |       ||   829
       Tailslap          |       |     3 |       |       ||     3
       Glaive            |       |       |   176 |       ||   176
       Halberd           |       |       |   196 |   265 ||   461
 Cast: Infusion          |     9 |    22 |    26 |     7 ||    64
       Shroud of Golubri |     3 |     5 |     8 |     1 ||    17
       Spectral Weapon   |       |       |       |     4 ||     4
Invok: Heroism           |       |       |       |     2 ||     2
       Finesse           |       |       |       |     2 ||     2
Evoke: Rod               |       |       |       |     2 ||     2
  Use: Scroll            |     6 |     6 |     1 |     4 ||    17
       Potion            |       |     2 |     1 |     2 ||     5
 Stab: Sleeping          |     3 |     8 |     7 |     3 ||    21
       Distracted        |       |       |     2 |     1 ||     3
  Eat: Chunk             |     2 |    12 |    16 |     6 ||    36
       Pizza             |       |       |     1 |     3 ||     4
       Meat ration       |       |       |     1 |       ||     1
       Beef jerky        |       |       |     1 |     1 ||     2
       Bread ration      |       |       |       |     1 ||     1
Armor: Leather armour    |    21 |    35 |       |       ||    56
       Ring mail         |       |    42 |   271 |   124 ||   437
Dodge: Dodged            |    71 |   127 |   382 |   184 ||   764

Vault maps used:
D:1:      dpeg_arrival_rooms_with_view
D:2:      ecumenical_altar_2, kennysheep_big_empty_room, nicolae_ru_awakened_eye
D:3:      xom_butterflies, kennysheep_boxes
D:4:      kennysheep_little_box, lemuel_coloured_pillars_altar,
          minmay_temple_entry_fiery, uniq_natasha, uniq_sigmund
D:5:      kennysheep_six_static_rooms, overflow_temple_1_default,
          vehumet_altar_wand_db, gammafunk_temple_overflow_claw, first_bread
D:6:      basic_altar, serial_shops, shop
D:7:      lemuel_ratsnest, overflow_temple_1_default, grunt_qazlal_clouds,
          kennysheep_mini
D:8:      nemelex_deck, nicolae_overflow_hidden_temple, elyvilon_altar_1
D:9:      zombieorc1_lemuel, uniq_prince_ribbit1
D:10:     dpeg_oklobed_lair
D:11:     lab_entry_generic, hangedman_little_slice_of_home, lightli_minifort
Temple:   temple_eino_lava_8
Lab:      labyrinth_skeletal_remains

Table legend:
 A = Turns spent in this place as a percentage of turns spent in the entire game.
 B = Non-inter-level travel turns spent in this place as a percentage of non-inter-level travel turns spent in the entire game.
 C = Inter-level travel turns spent in this place as a percentage of turns spent in this place.
 D = Turns resting spent in this place as a percentage of non-inter-level travel turns spent in this place.
 E = Turns spent auto-exploring this place as a percentage of non-inter-level travel turns spent in this place.
 F = Non-inter-level travel turns spent in this place divided by the number of levels of this place that you've seen.
                   A       B       C       D       E      F
               +-------+-------+-------+-------+-------+----------------------
         Total | 100.0 | 100.0 |   0.4 |   5.1 |   5.8 | 340.8
       Dungeon |  90.5 |  90.5 |   0.4 |   5.6 |   6.3 | 364.4
        Temple |   0.1 |   0.1 |  25.0 |   0.0 |  66.7 |   3.0
     Labyrinth |   9.4 |   9.5 |   0.0 |   1.0 |   0.0 | 419.0
               +-------+-------+-------+-------+-------+----------------------

Table legend:
 A = Kills in this place as a percentage of kills in entire the game.
 B = Kills by you in this place as a percentage of kills by you in the entire game.
 C = Kills by friends in this place as a percentage of kills by friends in the entire game.
 D = Other kills in this place as a percentage of other kills in the entire game.
 E = Experience gained in this place as a percentage of experience gained in the entire game.
 F = Experience gained in this place divided by the number of levels of this place that you have seen.
                   A       B       C       D       E      F
               +-------+-------+-------+-------+-------+----------------------
         Total | 100.0 | 100.0 |  -nan |  -nan | 100.0 | 656.5
       Dungeon | 100.0 | 100.0 |  -nan |  -nan | 100.0 | 775.8
               +-------+-------+-------+-------+-------+----------------------
